 Dungeon Crawl Stone Soup version 0.25.1-2-g60ff931df9 (webtiles) character file.

Game seed: 17638857679816092472

112 DearestLeader the Chopper (level 4, -11/34 HPs)
             Began as a Demonspawn Gladiator on Oct 19, 2020.
             Mangled by an ogre
             ... wielding a +0 giant club
              (20 damage)
             ... on level 4 of the Dungeon.
             The game lasted 00:05:00 (2521 turns).

DearestLeader the Chopper (Demonspawn Gladiator)    Turns: 2521, Time: 00:05:00

Health: -11/34     AC: 21    Str: 15    XL:     4   Next: 63%
Magic:  4/4        EV:  5    Int: 10    God:
Gold:   184        SH:  0    Dex: 14    Spells: 3/3 levels left

rFire    . . .     SeeInvis .   a - +0 war axe
rCold    + . .     Gourm    .   (no shield)
rNeg     . . .     Faith    .   l - +0 plate armour
rPois    .         Spirit   .   c - +0 helmet
rElec    .         Reflect  .   (no cloak)
rCorr    .         Harm     .   (no gloves)
MR       .....                  (no boots)
Stlth    ..........             (no amulet)
HPRegen  0.11/turn              (no ring)
MPRegen  0.09/turn              (no ring)

@: no status effects
A: cold resistance 1, icemail, freezing cloud immunity
a: no special abilities


You were on level 4 of the Dungeon.
You were not hungry.

You visited 1 branch of the dungeon, and saw 4 of its levels.

You collected 184 gold pieces.

Inventory:

Hand Weapons
 a - a +0 war axe (weapon)
Missiles
 d - 3 throwing nets
 t - 23 poisoned darts (quivered)
Armour
 c - a +0 helmet (worn)
 l - a +0 plate armour (worn)
Scrolls
 h - 2 scrolls of remove curse
 j - a scroll of teleportation
 o - 3 scrolls of enchant weapon
 p - 2 scrolls of enchant armour {unknown}
 v - a scroll of blinking {unknown}
Potions
 b - 2 potions of brilliance {unknown}
 e - a potion of mutation {unknown}
 g - 2 potions of curing
 i - a potion of ambrosia {unknown}
 k - a potion of magic {unknown}
 n - a potion of stabbing {unknown}
 q - 4 potions of berserk rage
 r - 3 potions of heal wounds {unknown}
 s - a potion of degeneration {unknown}
 u - a potion of invisibility {unknown}
 w - a potion of might {unknown}
Comestibles
 f - 4 rations


   Skills:
 + Level 2.9 Fighting
 * Level 4.0 Axes
 - Level 1.7 Throwing
 + Level 1.3 Armour
 - Level 3.0 Dodging


You had 3 spell levels left.
You didn't know any spells.
Your spell library was empty.

Dungeon Overview and Level Annotations

Branches:
Dungeon (4/15)
 Temple: D:4-7

Altars:
Ashenzari

Shops:
D:4 *


Innate Abilities, Weirdness & Mutations

Your flesh is cold resistant. (rC+)
A meltable icy envelope protects you from harm. (AC +10)
You are immune to freezing clouds.


Message History

The ogre hits you but does no damage.
All of the chunks of flesh in your inventory have rotted away.
You barely miss the ogre.
The ogre is moderately wounded.
The ogre hits you with a +0 giant club!
You hit the ogre.
The ogre is heavily wounded.
The ogre hits you with a +0 giant club.
You slash the ogre!
The ogre is almost dead.
The ogre hits you with a +0 giant club.
* * * LOW HITPOINT WARNING * * *
Your plate armour prevents you from hitting the ogre.
The ogre is severely wounded.
The ogre completely misses you.
You barely miss the ogre.
The ogre is severely wounded.
The ogre hits you with a +0 giant club!!
Ouch! That really hurt!
You die...

#. . #..........
.##. ##.......#.
..# ##>....##. #.#
##...###. #.# ##+#
#. #.# #.# #. #.#
###.####.
#O########.......#
#@#...........##.#
##.#.#.............
#....#.###......#.#
#...............#.#
#....#.###..#####.#
####.#............#
#.#####.########
#.......# #########


You could see an ogre.

Vanquished Creatures
  A scorpion (D:4)
  A dart slug (D:1)
  2 leopard geckos
  7 bats
  5 giant cockroaches
  9 goblins
  5 hobgoblins
  6 jackals
  A ball python (D:1)
  3 frilled lizards
  4 kobolds
  10 rats
54 creatures vanquished.

Notes
Turn   | Place    | Note
-------+----------+-------------------------------------------
     0 | D:1      | DearestLeader the Demonspawn Gladiator began the quest for
                  | the Orb.
     0 | D:1      | Reached XP level 1. HP: 16/16 MP: 1/1
   238 | D:1      | Reached skill level 3 in Axes
   344 | D:1      | Gained mutation: Your flesh is cold resistant. (rC+)
                  | [demonic ancestry]
   344 | D:1      | Reached XP level 2. HP: 22/22 MP: 2/2
  1282 | D:2      | Gained mutation: You are immune to freezing clouds.
                  | [demonic ancestry]
  1282 | D:2      | Reached XP level 3. HP: 22/28 MP: 3/3
  1655 | D:3      | Found a shattered altar of Ashenzari.
  2268 | D:4      | Reached skill level 1 in Armour
  2366 | D:4      | Found Heah's Assorted Antiques.
  2416 | D:4      | Noticed a scorpion
  2420 | D:4      | Killed a scorpion
  2420 | D:4      | Reached skill level 4 in Axes
  2420 | D:4      | Gained mutation: A meltable icy envelope protects you from
                  | harm. (AC +10) [demonic ancestry]
  2420 | D:4      | Reached XP level 4. HP: 31/34 MP: 4/4
  2506 | D:4      | Noticed an ogre
  2521 | D:4      | Mangled by an ogre

Illustrated notes

Levels and vault maps discovered:
D:1:      minmay_arrival_three_doors, layout_basic
D:2:      layout_loops_cross, makhleb_blood_cavern_becter
D:3:      layout_basic, old_standard_altar
D:4:      layout_loops_corners, serial_shops, nicolae_shop_overgrown_old_shop,
          first_ration, kennysheep_donut, nemelex_diamond_rough_becter

Skill      XL: |  1  2  3 |
---------------+----------+-----
Axes           | 3 4 |  4.0
Dodging        | 3 |  3.0
Armour         | 1 |  1.3
Fighting       | |  2.9
Throwing       | |  1.7

Action                   |  1- 3 |  4- 6 || total
-------------------------+-------+-------++-------
Melee: War axe           |   187 |     7 ||   194
  Use: Scroll            |     5 |       ||     5
  Eat: Chunk             |     5 |       ||     5
Armor: Leather armour    |    16 |       ||    16
       Plate armour      |   169 |     2 ||   171
Dodge: Dodged            |    89 |     1 ||    90
